 Dungeon Crawl Stone Soup version 0.30-a0-702-gdf48620a09 (webtiles) character file.

Game seed: 2973972810550332877

1180 wormed the Firebug (level 8, -1/63 HPs)
             Began as a Demonspawn Fire Elementalist on Jan 21, 2023.
             Was an Initiate of Vehumet.
             Succumbed to a killer bee's poison
             ... on level 6 of the Dungeon.
             The game lasted 00:12:33 (6490 turns).

wormed the Firebug (Demonspawn Fire Elementalist)   Turns: 6490, Time: 00:12:34

Health: -1/63      AC:  7    Str:  7 (8)  XL:     8   Next: 18%
Magic:  1/14       EV: 12    Int: 18 (19) God:    Vehumet [......]
Gold:   244        SH:  0    Dex: 12 (14) Spells: 5/15 levels left

rFire   . . .      SeeInvis .    f - +1 dagger (elec)
rCold   . . .      Faith    .    (no shield)
rNeg    . . .      Spirit   .    g - +0 leather armour
rPois   .          Reflect  .    (no helmet)
rElec   .          Harm     .    i - +1 cloak
rCorr   .          Rampage  .    (no gloves)
Will    .....                    (no boots)
Stlth   ++                       (no amulet)
HPRegen 0.30/turn                (no ring)
MPRegen 0.14/turn                (no ring)

@: mighty, brilliant, lethally poisoned (-1 -> -21)
A: rugged brown scales 2, demonic guardian 1, demonic touch 2
a: Renounce Religion


You were on level 6 of the Dungeon.
You worshipped Vehumet.
Vehumet was noncommittal.
You visited 2 branches of the dungeon, and saw 9 of its levels.

You collected 244 gold pieces.

Inventory:

Hand Weapons
 d - a +0 whip
 f - a +1 dagger of electrocution (weapon)
Armour
 a - a +0 robe
 g - a +0 leather armour (worn)
 i - a +1 cloak (worn)
Jewellery
 h - an amulet of faith
Wands
 j - a wand of iceblast (7)
Scrolls
 m - a scroll of fog
Potions
 c - 2 potions of degeneration
 n - 2 potions of flight


   Skills:
 + Level 3.7 Fighting
 + Level 3.9 Dodging
 + Level 4.1 Stealth
 + Level 4.2 Spellcasting
 + Level 3.9 Conjurations
 + Level 4.5 Fire Magic


You had 5 spell levels left.
You knew the following spells:

 Your Spells              Type           Power      Damage    Failure   Level
a - Foxfire               Conj/Fire      100%       2x1d9     3%          1
b - Scorch                Fire           60%        2d8       5%          2
c - Inner Flame           Hex/Fire       17%        N/A       26%         3
d - Flame Wave            Conj/Fire      28%        2d9       36%         4

Your spell library contained the following spells:

 Spells                   Type           Power      Damage    Failure   Level
 Beastly Appendage        Tmut           10%        N/A       22%         1
 Cigotuvi's Dreadful Rot  Necr/Pois/Air  10%        N/A       32%         2
 Lesser Beckoning         Tloc           10%        N/A       32%         2
 Poisonous Vapours        Pois/Air       10%        N/A       32%         2
 Wereblood                Tmut           5%         N/A       32%         2
 Kindle Blastsparks       Fire/Tloc/Air  26%        2d12      34%         3
 Mephitic Cloud           Conj/Pois/Air  12%        N/A       36%         3
 Gell's Gravitas          Tloc           5%         N/A       54%         3
 Spider Form              Tmut/Pois      5%         N/A       54%         3
 Teleport Other           Tloc           5%         N/A       54%         3


Dungeon Overview and Level Annotations

Branches:
Dungeon (8/15)             Temple (1/1) D:5
   Lair: D:8-11

Altars:
Ashenzari
Cheibriados
Fedhas
Gozag
Kikubaaqudgha
Nemelex Xobeh
Okawaru
Qazlal
Ru
Sif Muna
Uskayaw
Vehumet
Xom

Shops:
D:5 =

Annotations:
D:5 3 runed translucent doors, 1 transporter, acebull12's ghost, novice MiFi
D:8 Amaemon


Innate Abilities, Weirdness & Mutations

You are mostly covered in rugged brown scales. (AC +2, +5% HP)
A weak demonic guardian rushes to your aid.
Your touch may inflict irresistible damage on your foes.


Message History

The killer bee stings you but does no damage.
The killer bee stings you.
* * * LOW HITPOINT WARNING * * *
The killer bee barely misses you.
The killer bee stings you but does no damage.
You barely miss the killer bee.
The killer bee is moderately wounded.
You feel sick.
The killer bee is no longer more vulnerable to fire.
The killer bee closely misses you. x2; The killer bee misses you.
The killer bee closely misses you.
It was a potion of degeneration.
There was something very wrong with that liquid.
You feel weakened.
You feel dopey.
You feel clumsy.
You feel sick. The killer bee barely misses you.
The killer bee closely misses you.
The killer bee stings you but does no damage.
The killer bee closely misses you.
You miss the killer bee. Your touch misses the killer bee.
The killer bee is moderately wounded.
You feel sick.
The killer bee stings you but does no damage.
The killer bee barely misses you. The killer bee closely misses you.
The killer bee stings you.
* * * LOW HITPOINT WARNING * * *
A demonic guardian appears!
You are lethally poisoned!
The killer bee poisons you!
* * * LOW HITPOINT WARNING * * *
You feel very sick. The killer bee stings you.
* * * LOW HITPOINT WARNING * * *
You are more poisoned.
The killer bee poisons you!
Your quasit bites the killer bee.
Your quasit claws the killer bee.
Your quasit closely misses the killer bee.
The killer bee barely misses you.
The killer bee closely misses your quasit.
You feel clever all of a sudden.
You die...

.#
..
.#
.#
.#
.#
##5#
#@y#
#y##
#.#
#.#
#.#
...
..#
..#
...#


You could see 2 killer bees and a friendly quasit (summoned).

Vanquished Creatures
  Sigmund (D:2)
  A wraith (D:5)
  2 ogres
  A centaur (D:5)
  A bullfrog (D:7)
  A necrophage (D:4)
  A scorpion (D:5)
  A killer bee (D:7)
  A hound (D:4)
  A jelly (D:4)
  Crazy Yiuf (D:2)
  Ijyb (D:5)
  2 iguanas
  Robin (D:2)
  7 gnolls
  4 adders
  A white imp (D:5)
  4 worms
  3 dart slugs
  9 orcs
  3 bats (D:3)
  5 endoplasms
  A giant cockroach (D:2)
  14 goblins
  8 hobgoblins
  12 kobolds
  A quokka (D:2)
  10 ball pythons
  7 frilled lizards
  6 rats
111 creatures vanquished.

Vanquished Creatures (collateral kills)
  A dart slug (D:3)
1 creature vanquished.

Vanquished Creatures (others)
  164 foxfires
  7 fungi
  4 plants
175 creatures vanquished.

Grand Total: 287 creatures vanquished

Notes
Turn   | Place    | Note
-------+----------+-------------------------------------------
     0 | D:1      | wormed the Demonspawn Fire Elementalist began the quest for
                  | the Orb.
     0 | D:1      | Reached XP level 1. HP: 13/13 MP: 3/3
   201 | D:1      | Gained mutation: Your touch may inflict minor irresistible
                  | damage on your foes. [demonic ancestry]
   201 | D:1      | Reached XP level 2. HP: 4/20 MP: 0/5
   973 | D:2      | Gained mutation: You are partially covered in rugged brown
                  | scales. (AC +1, +3% HP) [demonic ancestry]
   973 | D:2      | Reached XP level 3. HP: 15/25 MP: 2/6
  1098 | D:2      | Noticed Robin
  1103 | D:2      | Reached skill level 1 in Fighting
  1226 | D:2      | Learned a level 2 spell: Scorch
  1234 | D:2      | Learned a level 3 spell: Inner Flame
  1990 | D:2      | Noticed Sigmund
  2013 | D:2      | Killed Sigmund
  2014 | D:2      | Gained mutation: You are mostly covered in rugged brown
                  | scales. (AC +2, +5% HP) [demonic ancestry]
  2014 | D:2      | Reached XP level 4. HP: 26/34 MP: 0/8
  2014 | D:2      | Gained mutation: A weak demonic guardian rushes to your
                  | aid. [demonic ancestry]
  2014 | D:2      | Reached XP level 5. HP: 30/39 MP: 0/9
  2208 | D:2      | Killed Robin
  2346 | D:2      | Found a runed translucent door.
  2347 | D:2      | Noticed Crazy Yiuf
  2598 | D:2      | Killed Crazy Yiuf
  2599 | D:2      | Reached XP level 6. HP: 21/46 MP: 1/10
  2788 | D:3      | Learned a level 4 spell: Flame Wave
  3534 | D:3      | HP: 2/48 [cloud of flame (23)]
  3703 | D:3      | Found a sacrificial altar of Ru.
  3777 | D:3      | Found a blossoming altar of Fedhas.
  4321 | D:4      | Reached XP level 7. HP: 53/53 MP: 3/12
  5194 | D:5      | Entered Level 5 of the Dungeon
  5206 | D:5      | Found Kuakliom's Jewellery Shop.
  5220 | D:5      | Noticed a wraith
  5381 | D:5      | Noticed Ijyb
  5498 | D:5      | Killed a wraith
  5607 | D:5      | Found a shimmering altar of Xom.
  5644 | D:5      | Found a staircase to the Ecumenical Temple.
  5653 | Temple   | Entered the Ecumenical Temple
  5893 | Temple   | Became a worshipper of Vehumet
  5913 | D:5      | Killed Ijyb
  5935 | D:5      | Found a runed translucent gate.
  5946 | D:5      | Noticed acebull12's ghost (novice MiFi)
  6088 | D:5      | Found a runed translucent gate.
  6089 | D:5      | Found a runed translucent gate.
  6252 | D:5      | Gained mutation: Your touch may inflict irresistible damage
                  | on your foes. [demonic ancestry]
  6252 | D:5      | Reached XP level 8. HP: 60/60 MP: 6/14
  6325 | D:5      | Found a transporter.
  6325 | D:5      | You fall into a shaft and drop 3 floors!
  6373 | D:8      | Noticed an orange demon
  6374 | D:8      | Noticed Amaemon
  6489 | D:6      | HP: 3/63 [killer bee (5)]
  6490 | D:6      | Succumbed to a killer bee's poison

Illustrated notes

Levels and vault maps discovered:
D:1:      minmay_arrival_split_and_join, layout_loops_cross
D:2:      layout_basic, fountainhead, uniq_robin, uniq_sigmund,
          uniq_crazy_yiuf_cottage
D:3:      layout_basic, mainiacjoe_overflow_large_starburst, fedhas_altar_3
D:4:      layout_rooms, minivault_5
D:5:      gammafunk_cloud_chamber, layout_basic, kennysheep_mini,
          mainiacjoe_overflow_small_starburst, nicolae_wu_jian_wuxing_cycle,
          minmay_temple_entry_mini_moons, gammafunk_ghost_nasty_kobolds,
          serial_shops, shop, minmay_shop_enchanted_jewellery, uniq_ijyb
D:6:      layout_loops_ring, elyvilon_altar_5, portal_sewer_entry_e,
          st_stairs_13, uniq_blork_the_orc
D:7:      layout_loops_cross, nicolae_overflow_hidden_temple,
          serial_bayou_pond_c
D:8:      layout_loops_cross, kennysheep_little_box,
          mainiacjoe_overflow_cross_hatched, ebering_ghost_reflecting_pool,
          uniq_amaemon, uniq_psyche
Temple:   eino_wide_crystal_templ

Skill      XL: |  1  2  3  4  5  6  7 |
---------------+----------------------+-----
Dodging        | 2 3 |  3.9
Stealth        | 2 3 4 |  4.1
Fighting       | 2 3 |  3.7
Fire Magic     | 3 4 |  4.5
Conjurations   | 2 3 |  3.9
Spellcasting   | 3 4 |  4.2

Action                   |  1- 3 |  4- 6 |  7- 9 || total
-------------------------+-------+-------+-------++-------
Melee: Whip              |     5 |       |       ||     5
       Unarmed           |     3 |       |       ||     3
       Dagger            |    24 |     9 |    23 ||    56
       Touch             |     4 |     4 |     4 ||    12
Throw: Throwing net      |       |       |     2 ||     2
 Cast: Foxfire           |    35 |    22 |    36 ||    93
       Scorch            |    12 |    30 |    17 ||    59
       Inner Flame       |       |     9 |    17 ||    26
  Use: Potion            |     4 |       |     7 ||    11
       Scroll            |     3 |     8 |     4 ||    15
 Stab: Sleeping          |     3 |       |       ||     3
Armor: Robe              |     8 |     4 |       ||    12
       Leather armour    |       |       |    27 ||    27
Dodge: Dodged            |    24 |    12 |    77 ||   113

Table legend: (Time is in decaauts)
 A = Elapsed time spent in this place.
 B = Non-inter-level travel time spent in this place.
 C = Inter-level travel time spent in this place.
 D = Time resting spent in this place.
 E = Time spent auto-exploring this place.
 F = Levels seen in this place.
 G = Mean time per level.
                   A        B        C        D        E       F      G
               +--------+--------+--------+--------+--------+-----+--------+
         Total |   6505 |   6120 |    385 |      0 |   5191 |   9 |  722.8 |
       Dungeon |   6249 |   5901 |    348 |      0 |   4983 |   8 |  781.1 |
        Temple |    255 |    218 |     37 |      0 |    208 |   1 |  255.0 |
               +--------+--------+--------+--------+--------+-----+--------+

Top non-repeatable levels by time:
     D:2: 1902 daAuts
     D:3: 1388 daAuts
     D:4: 1127 daAuts
     D:1: 965 daAuts
     D:5: 701 daAuts
  Temple: 255 daAuts
     D:7: 105 daAuts
     D:8: 52 daAuts
     D:6: 7 daAuts
